 Dungeon Crawl Stone Soup version 0.19.5 (webtiles) character file.

46 Trixie the Sneak (level 3, 0/16 HPs)
             Began as a Spriggan Enchanter on Mar 15, 2017.
             Slain by a quokka (4 damage)
             ... on level 2 of the Dungeon.
             The game lasted 00:04:44 (1869 turns).

Trixie the Sneak (Spriggan Enchanter)               Turns: 1869, Time: 00:04:45

Health: 0/16       AC:  3    Str:  5    XL:     3   Next: 44%
Magic:  9/9        EV: 18    Int: 16    God:
Gold:   41         SH:  0    Dex: 16    Spells: 2 memorised, 6 levels left

rFire  . . .     SeeInvis +     a - +1 dagger
rCold  . . .     Gourm    .     b - +1 robe
rNeg   . . .     Faith    .     (shield restricted)
rPois  .         Spirit   .     (helmet restricted)
rElec  .         Reflect  .     (no cloak)
rCorr  .         Harm     .     (gloves unavailable)
MR     .....                    (boots unavailable)
Stlth  +++.......               (no amulet)
                                (no ring)
                                (no ring)

@: very quick
A: unfitting armour, see invisible, herbivore 3, speed 3, slow metabolism 2
a: no special abilities


You were on level 2 of the Dungeon.
You were not hungry.

You visited 1 branch of the dungeon, and saw 3 of its levels.

You collected 41 gold pieces.

Inventory:

Hand Weapons
 a - a +1 dagger (weapon)
Armour
 b - a +1 robe (worn)
Jewellery
 g - an uncursed ring of magical power {unknown}
Scrolls
 h - a scroll of noise {unknown}
 i - 2 scrolls of remove curse {unknown}
Potions
 e - 4 potions of curing {unknown}
 f - a potion of resistance {unknown}
 j - a potion of heal wounds {unknown}
Books
 c - a book of Maledictions

   Spells                             Type                      Level
   a - Corona                         Hexes                        1
   b - Ensorcelled Hibernation        Hexes/Ice                    2
   c - Confuse                        Hexes                        3
   d - Tukima's Dance                 Hexes                        3
   e - Dazzling Spray                 Conjuration/Hexes            3
Comestibles
 d - 2 bread rations


   Skills:
 - Level 1.1 Short Blades
 - Level 3.0 Dodging
 - Level 4.6 Stealth
 + Level 3.9 Spellcasting
 - Level 4.2 Hexes
 - Level 0.5 Ice Magic


You had 6 spell levels left.
You knew the following spells:

 Your Spells              Type           Power        Failure   Level  Hunger
a - Corona                Hex            ###....      3%          1    None
b - Ensorcelled Hibernat  Hex/Ice        ##....       12%         2    ##.....


Dungeon Overview and Level Annotations

Branches:
Dungeon (3/15)

Altars:


Innate Abilities, Weirdness & Mutations

You are very small and have problems with some larger weapons.
You are too small for most types of armour.
You have supernaturally acute eyesight. (SInv)
You are a herbivore.
You cover ground extremely quickly.
You need consume almost no food.


Message History

You hit the quokka.
The quokka is moderately wounded.
The bat hits you but does no damage.
The quokka bites you but does no damage.
You closely miss the quokka.
The quokka is moderately wounded.
The bat closely misses you. The quokka barely misses you.
The quokka bites you but does no damage.
You closely miss the quokka.
The quokka is moderately wounded.
The bat hits you but does no damage. The quokka barely misses you.
You closely miss the quokka.
The quokka is moderately wounded.
The bat hits you but does no damage. The quokka bites you.
You hit the quokka.
The quokka is severely wounded.
The bat hits you.
* * * LOW HITPOINT WARNING * * *
The quokka bites you.
You die...

.. ......#.#
... #.......#
....#.....!.#
..#.......#
.. .).......#
.####b......#
..##.......#
..
#..#..@....#
#.
#..##.#r####
#.###..##.#.#
#.........#.#
#.##†......#
#.##.##.####
# #....##.#
####
#..####.#
...#
#.......#


You could see a quokka and a bat.

Vanquished Creatures
  An adder (D:2)
  A worm (D:2)
  A leopard gecko (D:2)
  6 goblins
  2 hobgoblins (D:1)
  A quokka (D:2)
  6 bats
  A frilled lizard (D:1)
  6 kobolds
  7 rats
32 creatures vanquished.

Notes
Turn   | Place    | Note
-------+----------+-------------------------------------------
     0 | D:1      | Trixie the Spriggan Enchanter began the quest for the Orb.
     0 | D:1      | Reached XP level 1. HP: 9/9 MP: 5/5
   140 | D:1      | Reached XP level 2. HP: 7/13 MP: 6/6
   348 | D:1      | Learned a level 2 spell: Ensorcelled Hibernation
  1178 | D:2      | Reached XP level 3. HP: 16/16 MP: 8/8
  1869 | D:2      | Slain by a quokka

Skill      XL: |  1  2 |
---------------+-------+-----
Hexes          | 4 |  4.2
Spellcasting   | 3 |  3.9
Short Blades   | |  1.1
Dodging        | |  3.0
Stealth        | |  4.6
Ice Magic      | |  0.5

Action                   || total
-------------------------++-------
Melee: Dagger            ||   148
 Cast: Ensorcelled Hiber ||     5
 Stab: Sleeping          ||    11
Armor: Robe              ||    25
Dodge: Dodged            ||   151
